 Dungeon Crawl Stone Soup version 0.26.1-11-gd32895ea62 (webtiles) character file.

Game seed: 477800854291389801

948 Arcadio the Covert (level 8, -3/50 HPs)
             Began as an Octopode Brigand on May 22, 2021.
             Killed from afar by an orc wizard (6 damage)
             ... with a magic dart
             ... on level 4 of the Dungeon.
             The game lasted 00:07:53 (4815 turns).

Arcadio the Covert (Octopode Brigand)               Turns: 4815, Time: 00:07:53

Health: -3/50      AC:  5    Str: 10    XL:     8   Next: 13%
Magic:  8/8        EV: 16    Int: 14    God:
Gold:   287        SH:  0    Dex: 15    Spells: 7/7 levels left

rFire    . . .     SeeInvis .   a - +3 dagger
rCold    . . .     Faith    .   (no shield)
rNeg     . . .     Spirit   .   (helmet restricted)
rPois    .         Reflect  .   (no amulet)
rElec    .         Harm     .   j - +4 ring of protection
rCorr    .         Rampage  .   (no ring)
Will     .....                  (no ring)
Stlth    +++++.....             (no ring)
HPRegen  0.16/turn              (no ring)
MPRegen  0.11/turn              (no ring)
                                (no ring)
                                (no ring)

@: slowed, very slow
A: almost no armour, stealthy swim, amphibious, 8 rings, constrict 8, camouflage
1, gelatinous body 1
a: no special abilities


You were on level 4 of the Dungeon.
You visited 1 branch of the dungeon, and saw 5 of its levels.
You also visited: Ossuary.

You collected 287 gold pieces.

Inventory:

Hand Weapons
 a - a +3 dagger (weapon)
Missiles
 b - 28 poisoned darts (quivered)
 c - 2 curare-tipped darts
Jewellery
 j - a +4 ring of protection (left tentacle)
 u - a cursed -4 ring of intelligence {unknown}
Wands
 v - a wand of paralysis (11)
 w - a wand of polymorph (9)
Scrolls
 e - 4 scrolls of amnesia
 f - 2 scrolls of fog
 g - 2 scrolls of remove curse
 m - a scroll of enchant weapon
 n - a scroll of magic mapping {unknown}
 r - a scroll of fear
 x - a scroll of teleportation
Potions
 d - 3 potions of attraction
 h - a potion of flight {unknown}
 i - a potion of degeneration {unknown}
 k - 2 potions of might
 l - a potion of brilliance {unknown}
 o - 2 potions of haste
 p - a potion of berserk rage {unknown}
 s - 5 potions of curing
 t - 2 potions of cancellation


   Skills:
 - Level 2.0 Fighting
 + Level 5.5 Short Blades
 - Level 2.0 Throwing
 + Level 5.2 Dodging
 + Level 9.1 Stealth


You had 7 spell levels left.
You didn't know any spells.
Your spell library was empty.

Dungeon Overview and Level Annotations

Branches:
Dungeon (5/15)            Ossuary (visited)
 Temple: D:4-7

Altars:
Gozag
Wu Jian


Innate Abilities, Weirdness & Mutations

You cannot wear most types of armour.
You are very stealthy in the water. (Stealth+)
You are amphibious.
You can wear up to eight rings at the same time.
You can use your tentacles to constrict eight enemies at once.
Your skin changes colour to match your surroundings (Stealth+).
Your rubbery body absorbs attacks. (AC +1, EV +1)


Message History

You feel better. Something hits you.
Something hits you but does no damage. x2
Something hits you.
* * * LOW HITPOINT WARNING * * *
Something barely misses you. Something hits you but does no damage.
Something hits you.
* * * LOW HITPOINT WARNING * * *
There is a stone staircase leading up here.
Something hits you but does no damage.
You hear some strange, mumbled words.
A magic dart appears from out of thin air!
The magic dart hits you.
* * * LOW HITPOINT WARNING * * *
You climb upwards.
Reactivating autopickup.
There is a stone staircase leading down here.
Something hits you but does no damage.
Deactivating autopickup; reactivate with Ctrl-A.
A magic dart appears from out of thin air!
The magic dart hits you.
You die...

....................######.######
####.#.####.###.........##.#
##..†..####.###.....###.##.#
............##..........##.#
##.......#..##......###.##.######
#####.#.#..##.)<(......##......#
#.#.#..##..#{>..............
######.#.#.......................
.......#.#......@...###....####.#
######.#.#..#...##...............
...........................####..
.##.##...#..#.#.##..###....# #..
.........#..#.#.##..####+#.# #..
.##......................#.# #..
.#####...#..#...##..####.#.####..
............#....................
######...#..#...###.#......####.#


There were no monsters in sight!

Vanquished Creatures
  An ogre (D:4)
  2 water moccasin zombies (Ossuary)
  3 howler monkeys
  2 centaur skeletons
  An orc priest (D:5)
  2 orc wizards
  A bullfrog skeleton (D:4)
  Ijyb (D:4)
  An iguana (D:4)
  Natasha (thrice) (D:4)
  2 worker ants (D:4)
  4 big kobold zombies (Ossuary)
  2 mummies (Ossuary)
  A worker ant zombie (D:3)
  5 adders
  A white imp (D:4)
  An ooze (D:1)
  4 adder zombies (Ossuary)
  5 worms
  2 dart slugs
  2 leopard geckos
  9 orcs
  A ball python (D:4)
  3 giant cockroaches
  3 gnoll zombies (Ossuary)
  2 goblins
  8 hobgoblins
  4 jackals (D:4)
  7 kobolds
  3 quokkas
  2 bats
  2 frilled lizards
  5 hobgoblin zombies (Ossuary)
  A jackal skeleton (D:5)
  5 kobold zombies (Ossuary)
  A leopard gecko skeleton (D:4)
  5 orc zombies (Ossuary)
  2 quokka skeletons (D:4)
  14 rats
  2 rat zombies (D:4)
125 creatures vanquished.

Notes
Turn   | Place    | Note
-------+----------+-------------------------------------------
     0 | D:1      | Arcadio the Octopode Brigand began the quest for the Orb.
     0 | D:1      | Reached XP level 1. HP: 14/14 MP: 1/1
   190 | D:1      | Reached XP level 2. HP: 11/19 MP: 2/2
   849 | D:2      | Reached XP level 3. HP: 24/24 MP: 3/3
   915 | D:2      | Found an opulent altar of Gozag.
  1295 | D:2      | Reached skill level 6 in Stealth
  1754 | D:3      | Reached XP level 4. HP: 29/29 MP: 4/4
  2338 | D:3      | Reached XP level 5. HP: 34/34 MP: 5/5
  2526 | D:4      | Noticed Natasha
  2534 | D:4      | Killed Natasha
  2546 | D:4      | Noticed Natasha
  2568 | D:4      | Reached skill level 7 in Stealth
  2649 | D:4      | Killed Natasha
  2650 | D:4      | Reached XP level 6. HP: 22/39 MP: 6/6
  2653 | D:4      | Noticed Natasha
  2661 | D:4      | Killed Natasha
  2673 | D:4      | Found a sand-covered staircase.
  2693 | Ossuary  | Entered an ossuary
  3204 | Ossuary  | Reached XP level 7. HP: 38/45 MP: 7/7
  3215 | Ossuary  | Reached skill level 8 in Stealth
  3825 | D:4      | Found an ornate altar of the Wu Jian Council.
  3994 | D:4      | Reached skill level 5 in Short Blades
  4300 | D:4      | Noticed Ijyb
  4304 | D:4      | Killed Ijyb
  4554 | D:4      | Reached skill level 5 in Dodging
  4554 | D:4      | Reached skill level 9 in Stealth
  4554 | D:4      | Reached XP level 8. HP: 38/50 MP: 8/8
  4753 | D:5      | Entered Level 5 of the Dungeon
  4815 | D:4      | Killed from afar by an orc wizard

Illustrated notes

Levels and vault maps discovered:
D:1:      eino_arrival_druids_welcome, layout_loops_ring,
          minmay_misc_feat_ornament
D:2:      layout_rooms, nicolae_gozag_seed_capital
D:3:      layout_loops_cross, supply_closet_lemuel, minmay_misc_feat_five
D:4:      layout_basic, marbit_many_paths, enter_ossuary_4,
          lightli_sewer_entry_pipes, kennysheep_generic_room_13, uniq_natasha,
          uniq_ijyb
D:5:      layout_loops_ring, serial_shops, kennysheep_little_box

Skill      XL: |  1  2  3  4  5  6  7 |
---------------+----------------------+-----
Dodging        | 2 3 4 5 |  5.2
Stealth        | 6 7 9 |  9.1
Short Blades   | 3 4 5 |  5.5
Fighting       | |  2.0
Throwing       | |  2.0

Action                   |  1- 3 |  4- 6 |  7- 9 || total
-------------------------+-------+-------+-------++-------
Melee: Dagger            |    60 |   146 |    76 ||   282
       Constrict         |    14 |    37 |    17 ||    68
       Tentacles         |     9 |    30 |    17 ||    56
  Use: Scroll            |     8 |     4 |     3 ||    15
       Potion            |       |     1 |     2 ||     3
 Stab: Sleeping          |    11 |    13 |    15 ||    39
Armor: Skin              |     2 |    20 |    14 ||    36
Dodge: Dodged            |    25 |   102 |    46 ||   173
